 Dungeon Crawl Stone Soup version 0.29-a0-512-gf59ac788ac (webtiles) character file.

Game seed: 12408585110750174351

1551 Demosthentine the Chopper (level 8, -2/44 HPs)
             Began as a Vine Stalker Chaos Knight on May 30, 2022.
             Was a Plaything of Xom.
             Slain by Duvessa
             ... wielding a +0 rapier
              (6 damage)
             ... on level 7 of the Dungeon.
             The game lasted 00:06:49 (5650 turns).

Demosthentine the Chopper (VSCK)                    Turns: 5650, Time: 00:06:49

Health: -2/44      AC: 14    Str: 17    XL:     8   Next: 88%
Magic:  0/18       EV: 13    Int: 12    God:    Xom [......]
Gold:   370        SH:  0    Dex: 14    Spells: 7/7 levels left

rFire   . . .      SeeInvis .   a - +1 hand axe (chaos)
rCold   . . .      Faith    .   (no shield)
rNeg    . . .      Spirit   +   b - +2 leather armour
rPois   .          Reflect  .   (no helmet)
rElec   .          Harm     .   (no cloak)
rCorr   .          Rampage  .   d - +0 pair of gloves
Will    +....                   q - +0 pair of boots
Stlth   +.........              o - amulet of regeneration
HPRegen 1.74/turn               v - +4 ring of protection
MPRegen 0.16/turn               f - ring of magical power

@: no status effects
A: fangs 3, regeneration 1, magic shield, antimagic bite, no potion heal 2,
claws 1, talons 1, iridescent scales 1, sense surroundings 1, MP-powered wands
a: Renounce Religion


You were on level 7 of the Dungeon.
You worshipped Xom.
You were a very special plaything of Xom.
You visited 2 branches of the dungeon, and saw 8 of its levels.

You collected 370 gold pieces.

Inventory:

Hand Weapons
 a - a +1 hand axe of chaos (weapon)
 l - the +8 storm bow {elec, penet}
   (Xom gifted it to you on level 3 of the Dungeon)

   Any ammunition fired from it occasionally discharges a powerful burst of
   electricity upon striking a foe.
   Any ammunition fired by it passes through the targets it hits, potentially
   hitting all targets in its path until it reaches maximum range.
Armour
 b - a +2 leather armour (worn)
 d - a +0 pair of gloves (worn)
 q - a +0 pair of boots (worn)
 z - +0 pearl dragon scales
Jewellery
 f - a ring of magical power (right hand)
 o - an amulet of regeneration (around neck)
 v - a +4 ring of protection (left hand)
 x - a ring of willpower
Wands
 t - a wand of mindburst (21)
 y - a wand of flame (26)
 C - a wand of acid (6)
Scrolls
 g - a scroll of enchant weapon
 n - 2 scrolls of teleportation
 p - a scroll of fog
 s - 3 scrolls of vulnerability
Potions
 e - 2 potions of attraction
 h - 5 potions of curing {unknown}
 i - 3 potions of brilliance {unknown}
 j - 2 potions of invisibility {unknown}
 k - 2 potions of berserk rage {unknown}
 m - a potion of might
 r - a potion of mutation
 u - a potion of cancellation
 w - a potion of flight
Miscellaneous
 c - a piece from Xom's chessboard (15/15) (quivered)


   Skills:
 + Level 5.6 Fighting
 + Level 5.6 Axes
 + Level 4.7 Armour
 + Level 4.4 Dodging


You had 7 spell levels left.
You didn't know any spells.
Your spell library contained the following spells:

 Spells                   Type           Power      Damage    Failure   Level
 Apportation              Tloc           0%         N/A       36%         1
 Beastly Appendage        Tmut           0%         N/A       36%         1
 Necrotize                Necr           0%         1d4       36%         1
 Summon Small Mammal      Summ           0%         N/A       36%         1
 Wereblood                Tmut           0%         N/A       52%         2
 Call Canine Familiar     Summ           0%         N/A       75%         3
 Spider Form              Tmut/Pois      0%         N/A       75%         3
 Summon Guardian Golem    Hex/Summ       0%         N/A       75%         3
 Dispersal                Tloc           0%         N/A       100%        6
 Disjunction              Tloc           0%         N/A       100%        8


Dungeon Overview and Level Annotations

Branches:
Dungeon (7/15)             Temple (1/1) D:4

Altars:
Ashenzari
Cheibriados
Dithmenos
Elyvilon
Fedhas
Hepliaklqana
Kikubaaqudgha
Nemelex Xobeh
Okawaru
Qazlal
Ru
Sif Muna
Trog
Uskayaw
Vehumet
Wu Jian
Xom
Yredelemnul
Zin

Shops:
D:4 [

Annotations:
D:7 Duvessa
Abyss:1 Grinder


Innate Abilities, Weirdness & Mutations

You have razor-sharp teeth.
Your natural rate of healing is unusually fast.
When hurt, damage is shared between your health and your magic reserves.
Your bite disrupts and absorbs the magic of your enemies.
Potions cannot restore your health.
You have sharp fingernails.
You have sharp toenails.
You are partially covered in iridescent scales. (AC +2)
You passively map a small area around you.
You expend magic power (3 MP) to strengthen your wands.


Message History

You hit the sky beast.
The sky beast hits you but does no damage.
Duvessa hits you with a +0 rapier.
Unknown command.
You slash Duvessa!
Space warps around Duvessa.
You bite Duvessa. You drain her power.
You feel invigorated.
Duvessa is moderately wounded.
You closely miss the sky beast. Duvessa hits you with a +0 rapier.
The sky beast barely misses you. Duvessa hits you with a +0 rapier!
Unknown command.
You slash Duvessa! You bite Duvessa, but do no damage.
Duvessa is heavily wounded.
You hit the sky beast.
The sky beast goes berserk!
The sky beast hits you but does no damage.
Duvessa misses you. The sky beast barely misses you.
Unknown command.
You hit Duvessa but do no damage. Your bite misses Duvessa.
Duvessa is heavily wounded.
You closely miss the sky beast.
Your butterfly disappears in a puff of smoke!
Duvessa completely misses you. The sky beast closely misses you.
Duvessa hits you with a +0 rapier!
Unknown command.
You hit Duvessa but do no damage.
Duvessa is heavily wounded.
You hit the sky beast. You burn the sky beast.
The sky beast looks more healthy.
The sky beast closely misses you. Duvessa hits you with a +0 rapier!
* * * LOW HITPOINT WARNING * * *
The sky beast closely misses you.
You hit Duvessa but do no damage.
Duvessa is heavily wounded.
You barely miss the sky beast. Duvessa closely misses you.
The sky beast hits you.
* * * LOW HITPOINT WARNING * * *
The sky beast shocks you.
* * * LOW HITPOINT WARNING * * *
Duvessa hits you with a +0 rapier!
You die...
Xom howls with laughter!

*# * #.* .##*
* .. ,
#.#.###**
#.#.#.#
#.#...#
##.##e.####
#.<..@.().#
#...Y####.#
#.b..# #.#
#....# #.##
#...<####e.#
#..........#
#....#####.#**
* #....# *...
#....# >###*


You could see Duvessa (berserk, strong) and a sky beast (berserk).

Vanquished Creatures
  Pikel (D:5)
  An orc warrior (D:6)
  An ogre (D:5)
  2 phantoms
  A scorpion (D:5)
  2 howler monkeys
  5 hounds
  3 orc priests (D:4)
  An iguana (D:6)
  2 orc wizards
  A gnoll (D:6)
  4 adders
  A shadow imp (D:5)
  A white imp (D:5)
  A worm (D:4)
  A dart slug (D:1)
  12 orcs
  3 endoplasms
  4 giant cockroaches
  3 goblins
  3 hobgoblins
  A quokka (D:1)
  11 ball pythons
  5 bats
  2 frilled lizards
  3 kobolds
  4 rats
79 creatures vanquished.

Vanquished Creatures (collateral kills)
  Dowan (D:7)
  An orc wizard (D:3)
  An endoplasm (D:3)
  A giant cockroach (D:3)
4 creatures vanquished.

Grand Total: 83 creatures vanquished

Notes
Turn   | Place    | Note
-------+----------+-------------------------------------------
     0 | D:1      | Demosthentine the Vine Stalker Chaos Knight began the quest
                  | for the Orb.
     0 | D:1      | Reached XP level 1. HP: 11/11 MP: 2/2
   550 | D:1      | XOM: divination: magic mapping
   618 | D:1      | XOM is BORED!
   618 | D:1      | XOM: silly message
   624 | D:1      | Reached skill level 1 in Dodging
   749 | D:1      | XOM: divination: detect items
   754 | D:1      | Reached XP level 2. HP: 16/16 MP: 3/3
   869 | D:1      | XOM: give mutations
   869 | D:1      | Gained mutation: You have sharp fingernails. [Xom's grace]
   869 | D:1      | Gained mutation: You passively map a small area around you.
                  | [Xom's grace]
   869 | D:1      | Gained mutation: You are partially covered in iridescent
                  | scales. (AC +2) [Xom's grace]
  1381 | D:2      | Reached XP level 3. HP: 20/20 MP: 4/4
  1411 | D:2      | XOM is BORED!
  1411 | D:2      | XOM: 1-stop teleportation journey
  1470 | D:2      | XOM: give mutations
  1470 | D:2      | Gained mutation: You are robust. (+10% HP) [Xom's grace]
  1470 | D:2      | Gained mutation: You have hidden genetic potential. [Xom's
                  | grace]
  1806 | D:3      | XOM: scenery: summon butterflies
  1808 | D:3      | Gained mutation: Your natural rate of healing is unusually
                  | fast. [Vine Stalker growth]
  1808 | D:3      | Reached XP level 4. HP: 16/26 MP: 3/5
  1809 | D:3      | XOM: summons 4 friendly demons
  1821 | D:3      | Gained mutation: You have a somewhat thin skeletal
                  | structure. (Dex +2, Stealth+) [hidden potential]
  1919 | D:3      | XOM: god gift: +8 storm bow {elec, penet}
  1920 | D:3      | Found the +8 storm bow {elec, penet}
  2172 | D:3      | Identified the +5 chain mail of the Cuttlefish {rF- rC-
                  | rCorr Dex+5}
  2312 | D:3      | Noticed Grinder
  2314 | D:3      | Noticed Grinder
  2314 | D:3      | Grinder changed into Grinder the lemure
  2314 | D:3      | XOM: polymorph Grinder -> Grinder the lemure
  2315 | D:3      | XOM: summons friendly iron imp
  2322 | D:3      | XOM: confuse monster(s)
  2329 | D:3      | XOM: 5-stop teleportation journey
  2506 | D:3      | Banished Grinder the lemure
  2507 | D:3      | Reached XP level 5. HP: 31/31 MP: 4/6
  2516 | D:3      | Gained mutation: You expend magic power (3 MP) to
                  | strengthen your wands. [hidden potential]
  2516 | D:3      | Lost mutation: You have hidden genetic potential. [hidden
                  | potential expressed]
  2676 | D:3      | XOM: give mutation
  2676 | D:3      | Gained mutation: You are agile. (Dex +2) [Xom's grace]
  2837 | D:4      | XOM: butterfly on damage
  2842 | D:4      | XOM: 2-stop teleportation journey
  2961 | D:4      | XOM: 4-stop teleportation journey
  2980 | D:4      | XOM: scenery: create altars
  3035 | D:4      | Found Deismi's Armour Shop.
  3041 | D:4      | Found a staircase to the Ecumenical Temple.
  3056 | Temple   | Entered the Ecumenical Temple
  3228 | D:4      | XOM: fog
  3233 | D:4      | Reached XP level 6. HP: 34/36 MP: 7/7
  3276 | D:4      | XOM: smoke on damage
  3389 | D:4      | XOM: give mutations
  3389 | D:4      | Lost mutation: You are robust. (+10% HP) [Xom's mischief]
  3389 | D:4      | Lost mutation: You are agile. (Dex +2) [Xom's mischief]
  3389 | D:4      | Gained mutation: You have sharp toenails. [Xom's mischief]
  3389 | D:4      | Lost mutation: You have a somewhat thin skeletal structure.
                  | (Dex +2, Stealth+) [Xom's mischief]
  3812 | D:4      | XOM: silly message
  3916 | D:5      | Entered Level 5 of the Dungeon
  3938 | D:5      | Noticed Pikel
  3955 | D:5      | XOM: cast spell 'Cause Fear'
  3966 | D:5      | Killed Pikel
  3967 | D:5      | Reached XP level 7. HP: 27/38 MP: 8/8
  3967 | D:5      | Gained mutation: You have razor-sharp teeth. [Vine Stalker
                  | growth]
  3967 | D:5      | Reached XP level 8. HP: 30/42 MP: 9/9
  4091 | D:5      | Reached skill level 5 in Fighting
  4091 | D:5      | Reached skill level 5 in Axes
  4129 | D:5      | XOM: confuse monster(s)
  4166 | D:5      | XOM: enchant monster (good)
  4177 | D:5      | XOM: cloud trail
  5047 | D:5      | XOM: cloud trail
  5609 | D:7      | Noticed Dowan
  5610 | D:7      | Noticed Duvessa
  5612 | D:7      | XOM: scenery: summon butterflies
  5639 | D:7      | Killed Dowan
  5641 | D:7      | XOM: 1-stop teleportation journey
  5650 | D:7      | Slain by Duvessa

Illustrated notes

Levels and vault maps discovered:
D:1:      erik_arrival_blinker_ship, layout_loops_corners, minmay_door_square
D:2:      layout_rooms
D:3:      layout_loops_corners, glass_columns_c, minmay_circle_x, uniq_grinder
D:4:      layout_basic, minmay_temple_entry_wispy, serial_shops, shop
D:5:      layout_basic, uniq_pikel
D:6:      layout_cave_pools, kennysheep_generic_room_9
D:7:      layout_rooms, nicolae_overflow_squiral, uniq_duvessa,
          uniq_crazy_yiuf_cottage
Temple:   mainiacjoe_temple_coin_purse

Skill      XL: |  1  2  3  4  5  6  7  8 |
---------------+-------------------------+-----
Dodging        | 1 2 3 4 |  4.4
Fighting       | 3 4 5 |  5.6
Axes           | 3 4 5 |  5.6
Armour         | 2 3 4 |  4.7

Action                   |  1- 3 |  4- 6 |  7- 9 || total
-------------------------+-------+-------+-------++-------
Melee: Hand axe          |    73 |   113 |    95 ||   281
       Bite              |    17 |    34 |    28 ||    79
       Kick              |       |     7 |    13 ||    20
       Punch             |       |       |     1 ||     1
  Use: Scroll            |     4 |     7 |     4 ||    15
 Stab: Sleeping          |     1 |     5 |       ||     6
       Confused          |       |     1 |     1 ||     2
       Paralysed         |       |     2 |     4 ||     6
Armor: Leather armour    |    35 |    40 |    46 ||   121
Dodge: Dodged            |    66 |    61 |    49 ||   176

Table legend: (Time is in decaauts)
 A = Elapsed time spent in this place.
 B = Non-inter-level travel time spent in this place.
 C = Inter-level travel time spent in this place.
 D = Time resting spent in this place.
 E = Time spent auto-exploring this place.
 F = Levels seen in this place.
 G = Mean time per level.
                   A        B        C        D        E       F      G
               +--------+--------+--------+--------+--------+-----+--------+
         Total |   5676 |   5296 |    380 |     19 |   4448 |   8 |  709.5 |
       Dungeon |   5545 |   5165 |    380 |     19 |   4346 |   7 |  792.1 |
        Temple |    131 |    131 |      0 |      0 |    102 |   1 |  131.0 |
               +--------+--------+--------+--------+--------+-----+--------+

Top non-repeatable levels by time:
     D:1: 1210 daAuts
     D:5: 1137 daAuts
     D:4: 1061 daAuts
     D:3: 933 daAuts
     D:2: 600 daAuts
     D:6: 551 daAuts
  Temple: 131 daAuts
     D:7: 50 daAuts
